 Dungeon Crawl Stone Soup version 0.26-a0-665-gefeb406119 (webtiles) character file.

Game seed: 11340261979211246762

155 robertstho the Poker (level 5, 0/42 HPs)
             Began as a Merfolk Fighter on Oct 14, 2020.
             Killed from afar by an orc wizard (1 damage)
             ... with a magic dart
             ... on level 2 of the Dungeon.
             The game lasted 00:03:19 (2791 turns).

robertstho the Poker (Merfolk Fighter)              Turns: 2791, Time: 00:03:20

Health: 0/42       AC:  8    Str: 17    XL:     5   Next: 37%
Magic:  5/5        EV:  9    Int:  8    God:
Gold:   47         SH:  9    Dex: 13    Spells: 4/4 levels left

rFire    + . .     SeeInvis .   a - +0 trident
rCold    . . .     Faith    .   c - +0 kite shield
rNeg     . . .     Spirit   .   o - +0 ring mail {rF+}
rPois    +         Reflect  .   j - +2 helmet
rElec    .         Harm     .   (no cloak)
rCorr    .         Rampage  .   (no gloves)
MR       .....                  (no boots)
Stlth    +.........             (no amulet)
HPRegen  0.14/turn              d - ring of poison resistance
MPRegen  0.09/turn              (no ring)

@: no status effects
A: change form in water, swift swim, stealthy swim
a: no special abilities


You were on level 2 of the Dungeon.
You visited 1 branch of the dungeon, and saw 3 of its levels.

You collected 47 gold pieces.

Inventory:

Hand Weapons
 a - a +0 trident (weapon)
Armour
 c - a +0 kite shield (worn)
 j - a +2 helmet (worn)
 l - a +0 chain mail
 o - a +0 ring mail of fire resistance (worn)
Jewellery
 d - a ring of poison resistance (left hand)
Scrolls
 f - a scroll of teleportation
 h - a scroll of enchant weapon {unknown}
 i - 2 scrolls of remove curse
Potions
 g - a potion of heal wounds
 k - a potion of mutation {unknown}
 m - 2 potions of lignification
 n - a potion of flight {unknown}


   Skills:
 * Level 4.1 Fighting
 * Level 4.8 Polearms
 + Level 2.6 Armour
 * Level 1.6 Dodging
 + Level 0.1 Stealth
 + Level 3.8 Shields


You had 4 spell levels left.
You didn't know any spells.
Your spell library was empty.

Dungeon Overview and Level Annotations

Branches:
Dungeon (3/15)

Altars:


Message History

You hit the orc wizard.
The orc wizard is severely wounded.
The orc wizard barely misses you.
You hit the orc wizard.
The orc wizard is severely wounded.
The orc wizard misses you.
You closely miss the orc wizard.
The orc wizard is severely wounded.
The orc wizard hits you but does no damage.
You hit the orc wizard.
The orc wizard is almost dead.
The orc wizard hits you but does no damage.
The orc wizard gestures at you while chanting.
The puff of flame hits you. You resist.
* * * LOW HITPOINT WARNING * * *
You barely miss the orc wizard.
The orc wizard is almost dead.
The orc wizard gestures at you while chanting.
The magic dart hits you.
You die...

..)#....#...########......#####.#
...#....#...............#######..
..........###.........##........#
#########.....######.........####
#....##### #..###.#### #.
######.#### #####..#...# #.
.......## #)...)[#.########.
........# ###o####<)..........
........######.[@# ##...........
...............### #...........
.>......############ ##.#.######.
........# #.....####...#####..
........# #..........###.)...#
........# #.....####.###)#####
........# #.....###...)..# #
........# #.....##...)#### #
........##########.##.#.)###


You could see an orc wizard.

Vanquished Creatures
  An orc wizard (D:2)
  3 gnolls (D:2)
  Robin (D:2)
  2 adders (D:2)
  2 worms (D:2)
  A dart slug (D:1)
  A leopard gecko (D:1)
  4 orcs
  A ball python (D:1)
  3 giant cockroaches
  12 goblins
  7 hobgoblins
  4 kobolds
  3 quokkas
  4 bats
  4 frilled lizards
  2 rats
55 creatures vanquished.

Notes
Turn   | Place    | Note
-------+----------+-------------------------------------------
     0 | D:1      | robertstho the Merfolk Fighter began the quest for the Orb.
     0 | D:1      | Reached XP level 1. HP: 18/18 MP: 1/1
    71 | D:1      | Reached XP level 2. HP: 23/24 MP: 2/2
   732 | D:2      | Reached XP level 3. HP: 18/29 MP: 3/3
   932 | D:2      | Noticed Robin
  1360 | D:2      | Reached skill level 1 in Dodging
  1404 | D:2      | Killed Robin
  1404 | D:2      | Reached XP level 4. HP: 14/37 MP: 4/4
  2326 | D:2      | Reached XP level 5. HP: 27/42 MP: 5/5
  2790 | D:2      | HP: 1/42 [orc wizard/puff of flame (6)]
  2791 | D:2      | Killed from afar by an orc wizard

Illustrated notes

Levels and vault maps discovered:
D:1:      psy_arrival_whirlpool, layout_loops_ring
D:2:      layout_rooms, uniq_robin
D:3:      layout_rooms, ebering_ghost_reflecting_pool

Skill      XL: |  1  2  3  4 |
---------------+-------------+-----
Dodging        | 1 |  1.6
Polearms       | 4 |  4.8
Fighting       | 4 |  4.1
Armour         | |  2.6
Stealth        | |  0.1
Shields        | |  3.8

Action                   |  1- 3 |  4- 6 || total
-------------------------+-------+-------++-------
Melee: Trident           |   136 |   111 ||   247
  Use: Potion            |     3 |     1 ||     4
       Scroll            |       |     3 ||     3
Armor: Scale mail        |    35 |       ||    35
       Chain mail        |    17 |    32 ||    49
       Ring mail         |       |    44 ||    44
Dodge: Dodged            |    43 |    41 ||    84
Block: Kite shield       |    68 |    83 ||   151

Table legend: (Time is in decaauts)
 A = Elapsed time spent in this place.
 B = Non-inter-level travel time spent in this place.
 C = Inter-level travel time spent in this place.
 D = Time resting spent in this place.
 E = Time spent auto-exploring this place.
 F = Levels seen in this place.
 G = Mean time per level.
                   A        B        C        D        E       F      G
               +--------+--------+--------+--------+--------+-----+--------+
         Total |   2824 |   2653 |    171 |    613 |   1542 |   3 |  941.3 |
       Dungeon |   2824 |   2653 |    171 |    613 |   1542 |   3 |  941.3 |
               +--------+--------+--------+--------+--------+-----+--------+

Top non-repeatable levels by time:
     D:2: 1507 daAuts
     D:1: 1284 daAuts
     D:3: 32 daAuts
